 Dungeon Crawl Stone Soup version 0.27.1-33-g824d729ab1 (webtiles) character file.

Game seed: 12680979594955901566

218 rvierbuc the Chopper (level 5, -4/47 HPs)
             Began as a Gnoll Chaos Knight on Dec 6, 2021.
             Was a Plaything of Xom.
             Slain by Duvessa (13 damage)
             ... on level 4 of the Dungeon.
             The game lasted 00:11:33 (3243 turns).

rvierbuc the Chopper (Gnoll Chaos Knight)           Turns: 3243, Time: 00:11:34

Health: -4/47      AC:  8    Str: 13    XL:     5   Next: 95%
Magic:  7/7        EV: 10    Int: 17    God:    Xom [....*.]
Gold:   208        SH:  0    Dex: 11    Spells: 7/7 levels left

rFire    . . .     SeeInvis .   a - +0 hand axe (chaos)
rCold    . . .     Faith    .   (no shield)
rNeg     . . .     Spirit   .   i - +0 scale mail
rPois    .         Reflect  .   e - +0 helmet
rElec    .         Harm     .   (no cloak)
rCorr    .         Rampage  .   (no gloves)
Will     .....                  (no boots)
Stlth    ..........             (no amulet)
HPRegen  0.15/turn              m - +6 ring of intelligence
MPRegen  0.10/turn              (no ring)

@: no status effects
A: fangs 1, strong nose, distributed training
a: Renounce Religion


You were on level 4 of the Dungeon.
You worshipped Xom.
You were a beloved toy of Xom.
You visited 1 branch of the dungeon, and saw 4 of its levels.

You collected 208 gold pieces.

Inventory:

Hand Weapons
 a - a +0 hand axe of chaos (weapon)
Armour
 b - a +2 leather armour
 e - a +0 helmet (worn)
 i - a +0 scale mail (worn)
 k - a +0 chain mail
Jewellery
 m - a +6 ring of intelligence (left hand)
Scrolls
 c - a scroll of teleportation {unknown}
 d - a scroll of magic mapping {unknown}
 f - a scroll of fog {unknown}
 h - 2 scrolls of vulnerability {unknown}
 n - a scroll of holy word {unknown}
 o - a scroll of enchant armour {unknown}
 p - a scroll of amnesia {unknown}
Potions
 g - a potion of curing {unknown}
 j - a potion of ambrosia {unknown}
 l - a potion of lignification {unknown}


   Skills:
 + Level 6.7 Fighting
 + Level 1.7 Short Blades
 + Level 1.7 Long Blades
 + Level 6.7 Axes
 + Level 1.7 Maces & Flails
 + Level 1.7 Polearms
 + Level 1.7 Staves
 + Level 1.7 Slings
 + Level 1.7 Bows
 + Level 1.7 Crossbows
 + Level 1.7 Throwing
 + Level 4.9 Armour
 + Level 3.1 Dodging
 + Level 1.7 Stealth
 + Level 1.7 Shields
 + Level 1.7 Unarmed Combat
 + Level 1.7 Spellcasting
 + Level 1.3 Conjurations
 + Level 1.3 Hexes
 + Level 1.3 Summonings
 + Level 1.3 Necromancy
 + Level 1.3 Translocations
 + Level 1.3 Transmutations
 + Level 1.3 Fire Magic
 + Level 1.3 Ice Magic
 + Level 1.3 Air Magic
 + Level 1.3 Earth Magic
 + Level 1.3 Poison Magic
 + Level 1.9 Invocations
 + Level 1.7 Evocations


You had 7 spell levels left.
You didn't know any spells.
Your spell library contained the following spells:

 Spells                   Type           Power      Damage    Failure   Level
 Sandblast                Erth           12%        2d6       43%         1
 Shock                    Conj/Air       24%        1d4       43%         1
 Blink                    Tloc           N/A        N/A       58%         2
 Ensorcelled Hibernation  Hex/Ice        12%        N/A       58%         2
 Inner Flame              Hex/Fire       6%         N/A       82%         3
 Lesser Beckoning         Tloc           3%         N/A       82%         3
 Spider Form              Tmut/Pois      3%         N/A       82%         3
 Cause Fear               Hex            3%         N/A       99%         4
 Petrify                  Tmut/Erth      6%         N/A       99%         4
 Lee's Rapid Deconstruct  Erth           3%         3d6*      100%        5
 Manifold Assault         Tloc           6%         N/A       100%        5
 Shadow Creatures         Summ           N/A        N/A       100%        6
 Discord                  Hex            3%         N/A       100%        8
 Maxwell's Capacitive Co  Air            3%         ∞         100%        8


Dungeon Overview and Level Annotations

Branches:
Dungeon (4/15)
 Temple: D:4-7

Altars:
Elyvilon
Kikubaaqudgha
Sif Muna
Zin

Shops:
D:2 ?   D:3 !   D:4 *

Annotations:
D:4 Dowan, Duvessa


Innate Abilities, Weirdness & Mutations

You have very sharp teeth.
Your uncanny sense of smell can sniff out nearby items.
Your experience applies equally to all skills.


Message History

There is an open door here.
You open the door.
There is an open door here.
You open the door.
Duvessa and Dowan come into view.
Dowan is wielding a +0 dagger and carrying a wand of flame (8).
Duvessa shouts!
Dowan shouts!
Dowan mumbles some strange words.
Dowan blinks!
Dowan moves out of view.
Duvessa hits you with a +0 short sword!
There is an open door, spattered with blood here.
You barely miss Duvessa. You hit Duvessa.
Duvessa seems to grow stronger.
Duvessa is lightly wounded.
Duvessa hits you with a +0 short sword!!
A shower of butterflies erupts from you!
Your scale mail prevents you from hitting Duvessa.
Your punch misses Duvessa.
Duvessa is lightly wounded.
You are now a beloved toy of Xom.
Duvessa closely misses you.
Dowan hits your butterfly with a +0 dagger.
Your butterfly dies!
Your butterfly degenerates into a cloud of primal chaos!
You hit Duvessa but do no damage.
Duvessa suddenly seems more agile.
Duvessa is lightly wounded.
Duvessa hits you with a +0 short sword.
Your scale mail prevents you from hitting Duvessa.
Duvessa is lightly wounded.
Duvessa completely misses you.
Dowan is engulfed in seething chaos.
Dowan evaporates and reforms as a ball python!
You closely miss Duvessa.
Duvessa is lightly wounded.
Duvessa hits you with a +0 short sword!
* * * LOW HITPOINT WARNING * * *
You closely miss Duvessa.
Duvessa is lightly wounded.
Duvessa hits you with a +0 short sword!
You die...
Xom chuckles heartily!

#....#....#
#..#....###'##
#..#....#....##
#.b#....#.....#
#..#....#....## #
#.)#....#....#
#..##.S#....###'###
#.....e#..........#
##@#..........#####
#..#..............#
##..#...............
#...#...............
##.b#.............>.
##..#...............
+...#....#'####.....
#...'....#....######
#####....#........


You could see Duvessa (strong, agile, ally target) and Dowan the ball python.

Vanquished Creatures
  A bullfrog zombie (D:3)
  An orc priest (D:3)
  An iguana (D:4)
  An orc wizard (D:3)
  2 adders
  A worm (D:2)
  A dart slug (D:2)
  12 orcs
  5 endoplasms
  4 giant cockroaches
  8 goblins
  7 hobgoblins
  4 jackals
  A quokka (D:1)
  5 ball pythons
  3 bats
  5 frilled lizards
  6 kobolds
  4 rats
72 creatures vanquished.

Vanquished Creatures (others)
  7 plants
7 creatures vanquished.

Grand Total: 79 creatures vanquished

Notes
Turn   | Place    | Note
-------+----------+-------------------------------------------
     0 | D:1      | rvierbuc the Gnoll Chaos Knight began the quest for the
                  | Orb.
     0 | D:1      | Reached XP level 1. HP: 23/23 MP: 1/1
    40 | D:1      | Found a faded altar of an unknown god.
   100 | D:1      | Reached XP level 2. HP: 26/29 MP: 2/2
   145 | D:1      | Got the Disquisition on Earthen Air
   480 | D:1      | XOM: silly message
   634 | D:1      | XOM: 4-stop teleportation journey
   885 | D:2      | Reached XP level 3. HP: 35/35 MP: 3/3
   939 | D:2      | XOM: silly message
   978 | D:2      | XOM: enchant monster (bad)
  1295 | D:2      | Reached skill level 1 in Invocations
  1389 | D:2      | XOM: silly message
  1515 | D:2      | Reached skill level 1 in Short Blades
  1515 | D:2      | Reached skill level 1 in Long Blades
  1515 | D:2      | Reached skill level 1 in Maces & Flails
  1515 | D:2      | Reached skill level 1 in Polearms
  1515 | D:2      | Reached skill level 1 in Staves
  1515 | D:2      | Reached skill level 1 in Slings
  1515 | D:2      | Reached skill level 1 in Bows
  1515 | D:2      | Reached skill level 1 in Crossbows
  1515 | D:2      | Reached skill level 1 in Throwing
  1515 | D:2      | Reached skill level 1 in Stealth
  1515 | D:2      | Reached skill level 1 in Shields
  1515 | D:2      | Reached skill level 1 in Unarmed Combat
  1515 | D:2      | Reached skill level 1 in Spellcasting
  1515 | D:2      | Reached skill level 1 in Evocations
  1559 | D:2      | XOM: silly message
  1636 | D:2      | Reached XP level 4. HP: 36/41 MP: 5/5
  2022 | D:2      | Found Oghiohir's Magic Scroll Boutique.
  2067 | D:3      | Found Nasan's Distillery.
  2146 | D:3      | XOM: silly message
  2172 | D:3      | XOM: silly message
  2177 | D:3      | Reached skill level 1 in Conjurations
  2177 | D:3      | Reached skill level 1 in Hexes
  2177 | D:3      | Reached skill level 1 in Summonings
  2177 | D:3      | Reached skill level 1 in Necromancy
  2177 | D:3      | Reached skill level 1 in Translocations
  2177 | D:3      | Reached skill level 1 in Transmutations
  2177 | D:3      | Reached skill level 1 in Fire Magic
  2177 | D:3      | Reached skill level 1 in Ice Magic
  2177 | D:3      | Reached skill level 1 in Air Magic
  2177 | D:3      | Reached skill level 1 in Earth Magic
  2177 | D:3      | Reached skill level 1 in Poison Magic
  2178 | D:3      | XOM: noise
  2190 | D:3      | Found a white marble altar of Elyvilon.
  2372 | D:3      | Found an ancient bone altar of Kikubaaqudgha.
  2511 | D:3      | Reached XP level 5. HP: 39/47 MP: 6/6
  2721 | D:3      | Found a glowing silver altar of Zin.
  2806 | D:3      | Found a shimmering blue altar of Sif Muna.
  2943 | D:4      | XOM: potion effect (invisibility)
  2957 | D:4      | XOM: god gift: runed helmet {god gift}
  3050 | D:4      | Found Melukkei's Neck Hole.
  3190 | D:4      | XOM: god gift: 34 gold pieces
  3234 | D:4      | Noticed Duvessa
  3234 | D:4      | Noticed Dowan
  3238 | D:4      | XOM: butterfly on damage
  3241 | D:4      | Noticed Dowan
  3241 | D:4      | Dowan changed into Dowan the ball python
  3243 | D:4      | Slain by Duvessa

Illustrated notes

Levels and vault maps discovered:
D:1:      lemuel_arrival_hallway, layout_loops_ring,
          hellmonk_ecumenical_altar_zigzags, minmay_misc_feat_columns
D:2:      layout_basic, serial_shops, nicolae_shop_waterfront,
          minmay_misc_feat_plants, grunt_ministairs_6, st_stairs_5
D:3:      layout_basic, mainiacjoe_overflow_concentric_impassable,
          mainiacjoe_overflow_alcove_2, lemuel_crystal_altar, zin_academy,
          serial_shops, nicolae_square_shop, serial_bayou_pond_a
D:4:      layout_gridville, mainiacjoe_overflow_alcove_1, tgw_trog,
          nicolae_shop_sticking_my_neck_out, uniq_duvessa

Skill      XL: |  1  2  3  4  5 |
---------------+----------------+-----
Invocations    | 1 |  1.9
Short Blades   | 1 |  1.7
Long Blades    | 1 |  1.7
Maces & Flails | 1 |  1.7
Polearms       | 1 |  1.7
Staves         | 1 |  1.7
Slings         | 1 |  1.7
Bows           | 1 |  1.7
Crossbows      | 1 |  1.7
Throwing       | 1 |  1.7
Stealth        | 1 |  1.7
Shields        | 1 |  1.7
Unarmed Combat | 1 |  1.7
Spellcasting   | 1 |  1.7
Evocations     | 1 |  1.7
Conjurations   | 1 |  1.3
Hexes          | 1 |  1.3
Summonings     | 1 |  1.3
Necromancy     | 1 |  1.3
Translocations | 1 |  1.3
Transmutations | 1 |  1.3
Fire Magic     | 1 |  1.3
Ice Magic      | 1 |  1.3
Air Magic      | 1 |  1.3
Earth Magic    | 1 |  1.3
Poison Magic   | 1 |  1.3
Dodging        | 3 |  3.1
Fighting       | |  6.7
Axes           | |  6.7
Armour         | |  4.9

Action                   |  1- 3 |  4- 6 || total
-------------------------+-------+-------++-------
Melee: Hand axe          |   106 |   107 ||   213
       Bite              |     9 |     5 ||    14
       Punch             |       |     1 ||     1
 Stab: Paralysed         |     1 |       ||     1
Armor: Leather armour    |    41 |     6 ||    47
       Scale mail        |       |    28 ||    28
Dodge: Dodged            |    55 |    45 ||   100
